 Dungeon Crawl Stone Soup version 0.31-a0-182-gc5ef74bbde (webtiles) character file.

Game seed: 2552317518544897873

25 promet the Trooper (level 2, 0/27 HPs)
             Began as a Minotaur Fighter on June 21, 2023.
             Killed from afar by Natasha (9 damage)
             ... with a magic dart
             ... on level 2 of the Dungeon.
             The game lasted 00:03:47 (587 turns).

promet the Trooper (Minotaur Fighter)                Turns: 587, Time: 00:03:47

Health: 0/27       AC:  9    Str: 20    XL:     2   Next: 82%
Magic:  1/1        EV:  7    Int:  5    God:
Gold:   44         SH:  4    Dex:  9    Spells: 1/1 levels left

rFire   . . .        a - +0 war axe
rCold   . . .        c - +0 buckler
rNeg    . . .        i - +0 chain mail
rPois   .            (helmet restricted)
rElec   .            (no cloak)
rCorr   .            (no gloves)
SInv    .            (no boots)
Will    .....        (no amulet) Stlth
                     (no ring)
HPRegen 0.24/turn    (no ring)
MPRegen 0.07/turn

%: no passive effects
@: no status effects
A: horns 2, retaliatory headbutt
a: no special abilities


You were on level 2 of the Dungeon.
You visited 1 branch of the dungeon, and saw 2 of its levels.

You collected 44 gold pieces.

Inventory:

Hand Weapons
 a - a +0 war axe (weapon)
 g - a +0 spear
Armour
 c - a +0 buckler (worn)
 i - a +0 chain mail (worn)
Potions
 b - a potion of brilliance {unknown}
 d - a potion of might
 f - 2 potions of attraction {unknown}
 h - a potion of lignification {unknown}


   Skills:
 + Level 4.2 Fighting
 + Level 2.9 Axes
 + Level 3.7 Armour
 + Level 0.1 Dodging
 + Level 4.0 Shields


You had one spell level left.
You didn't know any spells.
Your spell library contained the following spells:

 Spells                   Type           Power      Damage    Failure   Level
 Ozocubu's Armour         Ice            0%         N/A       100%        3
 Alistair's Intoxication  Tmut/Pois      0%         N/A       100%        5
 Borgnjor's Vile Clutch   Necr/Erth      0%         N/A       100%        5
 Eringya's Noxious Bog    Tmut/Pois      0%         N/A       100%        6
 Ozocubu's Refrigeration  Ice            0%         4d7       100%        7


Dungeon Overview and Level Annotations

Branches:
Dungeon (2/15)

Altars:

Shops:
D:1 :[

Annotations:
D:2 Natasha


Innate Abilities, Weirdness & Mutations

You have a pair of horns on your head.
You reflexively headbutt those who attack you in melee.


Message History

You see here a frilled lizard corpse.
Found 7 gold pieces and a scroll labelled ROKOR UMUBIJE.
You now have 34 gold pieces (gained 7).
b - a scroll labelled ROKOR UMUBIJE
As you read the scroll labelled ROKOR UMUBIJE, it crumbles to dust.
A profound silence engulfs you.
It was a scroll of silence.
You start waiting.
Your hearing returns.
b - a murky inky potion You see here a frilled lizard skeleton.
You see here a +0 dagger.
You now have 44 gold pieces (gained 10).
You pick up Ozocubu's Autobiography and begin reading...
You add the spells Ozocubu's Armour and Ozocubu's Refrigeration to your library.
Done exploring.
You see here a bat skeleton.
There is a stone staircase leading down here.
You climb downwards.
The kobold shouts!
Found a scroll labelled SEPEINOTIM, 7 stones and a robe.
There is a stone staircase leading up here.
Natasha, Servant of Life and Death comes into view.
Natasha hisses angrily.
Natasha stares at you and mumbles some strange words.
The magic dart hits you.
You barely miss the hobgoblin.
Natasha growls.
Natasha casts a spell.
The hobgoblin hits you.
You closely miss the hobgoblin. You slash the kobold!
You kill the kobold!
You block the hobgoblin's attack.
Natasha stares at you and mumbles some strange words.
The magic dart hits you! You block the hobgoblin's attack.
You closely miss the hobgoblin. You block the hobgoblin's attack.
The hobgoblin hits you but does no damage.
The cerulean imp hits you from afar with a +1 spear.
Natasha stares at you and mumbles some strange words.
The magic dart hits you!
You die...

..........
...#.....
.........
.........
..#.....#
........#
........#
..?....@#
.......gh5.#
..(............
[.#............
........##.....
...#..... .....
.#....... ....
..##.... ....


You could see Natasha, a cerulean imp (summoned) and a hobgoblin.

Vanquished Creatures
  A ball python (D:1)
  2 endoplasms (D:1)
  A giant cockroach (D:1)
  2 goblins (D:1)
  2 hobgoblins (D:1)
  A quokka (D:1)
  4 bats (D:1)
  4 frilled lizards (D:1)
  4 kobolds
  4 rats (D:1)
25 creatures vanquished.

Notes
Turn   | Place    | Note
-------+----------+-------------------------------------------
     0 | D:1      | promet the Minotaur Fighter began the quest for the Orb.
     0 | D:1      | Reached XP level 1. HP: 19/19 MP: 0/0
   116 | D:1      | Reached XP level 2. HP: 27/27 MP: 1/1
   194 | D:1      | Found Kutz's Antique Armour Shoppe.
   380 | D:1      | Found Noguec's Book Emporium.
   581 | D:2      | Noticed Natasha
   587 | D:2      | Killed from afar by Natasha

Illustrated notes

Levels and vault maps discovered:
D:1:      wander_arrival_lonely_grave, layout_rooms, serial_shops, shop, shop,
          hangedman_abyss_or_decor_stabs
D:2:      layout_rooms, basic_altar, minivault_23, uniq_robin, uniq_natasha

Skill      XL: |  1  2 |
---------------+-------+-----
Fighting       | 4 |  4.2
Shields        | 4 |  4.0
Axes           | |  2.9
Armour         | |  3.7
Dodging        | |  0.1

Action                     || total
---------------------------++-------
  Melee: War axe           ||    46
         Headbutt          ||     4
    Use: Scroll            ||     3
 Armour: Scale mail        ||     9
         Chain mail        ||    21
  Dodge: Dodged            ||    22
  Block: Buckler           ||    10

Table legend: (Time is in decaauts)
 A = Elapsed time spent in this place.
 B = Non-inter-level travel time spent in this place.
 C = Inter-level travel time spent in this place.
 D = Time resting spent in this place.
 E = Time spent auto-exploring this place.
 F = Levels seen in this place.
 G = Mean time per level.
                   A        B        C        D        E       F      G
               +--------+--------+--------+--------+--------+-----+--------+
         Total |    606 |    513 |     93 |     72 |    159 |   2 |  303.0 |
       Dungeon |    606 |    513 |     93 |     72 |    159 |   2 |  303.0 |
               +--------+--------+--------+--------+--------+-----+--------+

Top non-repeatable levels by time:
     D:1: 595 daAuts
     D:2: 10 daAuts
